 Dungeon Crawl Stone Soup version 0.31-a0-1300-gb6740aa4e6 (webtiles) character file.

Game seed: 3238788027529462127

268 Sobieck the Conjurer (level 6, -1/26 (32) HPs)
             Began as a Deep Elf Conjurer on Dec 18, 2023.
             Slain by Duvessa
             ... wielding a +3 short sword of draining
              (5 damage)
             ... on level 4 of the Dungeon.
             The game lasted 00:05:08 (3195 turns).

Sobieck the Conjurer (Deep Elf Conjurer)            Turns: 3195, Time: 00:05:09

HP:   -1/26 (32)    AC:  3    Str:  4    XL:     6   Next: 1%
MP:   14/16         EV: 12    Int: 25    God:
Gold: 243           SH:  0    Dex: 13    Spells: 13/16 levels left

rFire   . . .        (no weapon)
rCold   . . .        (no shield)
rNeg    . . .        a - +1 robe
rPois   .            (no helmet)
rElec   .            (no cloak)
rCorr   .            (no gloves)
SInv    .            (no boots)
Will    .....        (no amulet)
Stlth   ++           (no ring)
HPRegen 0.24/turn    (no ring)
MPRegen 0.15/turn

%: no passive effects
@: heavily drained
A: no striking features
a: no special abilities


You were on level 4 of the Dungeon.
You visited 1 branch of the dungeon, and saw 4 of its levels.

You collected 243 gold pieces.

Inventory:

Armour
 a - a +1 robe (worn)
Wands
 E - a wand of charming (6)
Scrolls
 c - 3 scrolls of amnesia {unknown}
 d - a scroll of brand weapon {unknown}
 k - 2 scrolls of vulnerability {unknown}
 l - a scroll of enchant weapon {unknown}
 m - a scroll of poison {unknown}
 n - a scroll of silence {unknown}
 T - a scroll of teleportation
Potions
 b - a potion of magic
 e - 2 potions of cancellation
 g - a potion of berserk rage
 i - a potion of might {unknown}
 o - a potion of mutation {unknown}
 Q - 2 potions of curing


   Skills:
 - Level 2.4 Dodging
 - Level 2.4 Stealth
 + Level 5.5 Spellcasting
 + Level 5.8 Conjurations
 + Level 4.2 Hexes


You had 13 spell levels left.
You knew the following spells:

 Your Spells              Type           Power      Damage    Failure   Level
a - Magic Dart            Conj           100%       1d8       1%          1
b - Searing Ray           Conj           72%        2d7       1%          2

Your spell library contained the following spells:

 Spells                   Type           Power      Damage    Failure   Level
 Dazzling Flash           Conj/Hex       64%        N/A       3%          3
 Fulminant Prism          Conj/Hex       16%        3d10      10%         4
 Blink                    Tloc           12%        N/A       12%         2
 Iskenderun's Mystic Bla  Conj/Tloc      21%        2d6       24%         4
 Manifold Assault         Tloc           6%         N/A       61%         4


Dungeon Overview and Level Annotations

Branches:
Dungeon (4/15)             Temple (0/1) D:4

Altars:
Zin

Shops:
D:3 (   D:4 [*

Annotations:
D:4 Dowan, Duvessa


Message History

You climb upwards.
There is a stone staircase leading down here.
Unknown command.
Unknown command.
You start resting.
Magic restored.
You start resting.
An orc comes into view. It is wielding a +0 flail.
Danger!
Unknown command.
Unknown command.
Unknown command.
The magic dart hits the orc!
You kill the orc!
You have reached level 6!
You start resting.
An orc comes into view.
It is wielding a +0 hand axe of flaming.
Danger!
Unknown command.
The magic dart hits the orc!
You kill the orc!
You can't see any susceptible monsters within range! (Use Z to cast anyway.)
You can't see any susceptible monsters within range! (Use Z to cast anyway.) Unknown command.
You start resting.
Magic restored.
You start resting.
HP restored.
Unknown command.
You climb downwards.
Level annotation: Dowan, Duvessa Duvessa hits you with a +3 short sword of draining!
You feel drained.
There is a stone staircase leading up, spattered with blood here.
Danger!
Unknown command.
Unknown command.
Casting: Magic Dart (safe; 1% risk of failure)
Confirm with . or Enter, or press ? or * to list all spells.
Aiming: Searing Ray (safe; 1% risk of failure)
Press: ? - help, Shift-Dir - straight line, f - Duvessa
Aim: Duvessa, wielding a +3 short sword of draining and wearing a +4 ring mail of willpower (lightly wounded, 86% to hit)
The searing ray hits Duvessa.
Duvessa is lightly wounded. (Press . to maintain the ray.) Duvessa hits you with a +3 short sword of draining!
Ouch! That really hurt!
* * * LOW HITPOINT WARNING * * *
You feel drained.
You die...

*#..........##...,,*,,,*,,,,,,,<,
##......###.##..........,,,,,,,,,
#....ee.....)....?##.#..,,,,,,,,,
#....<..................,,,,,,,,*
...............###......,,,,,,,,*
∩..............###......,,,,,,,**
#...................)...,,,,,,,**
#............8.###.#####**,,,****
#.........P.8...@..#####*,,,,,**,
##..)......P.8.#e#.#####,,,,****,
#.............###.####.,,,,* *,
#.................####.,,,** *,
#..........∩......####.,,** *,
*,,,,,....∩∩∩.....####.,** *,
*,,,,,.....∩......###..,* *,
*,,,,,........?...###..** *,
*,,,,,............#*,,,** *,


You could see Duvessa.

Vanquished Creatures
  A scorpion (D:3)
  2 orc priests (D:3)
  A scorpion zombie (D:4)
  5 adders
  An adder zombie (D:4)
  3 worms
  3 dart slugs (D:1)
  3 orcs (D:3)
  3 giant cockroaches
  4 goblins
  4 hobgoblins
  6 jackals (D:2)
  7 quokkas
  7 ball pythons
  4 bats (D:2)
  4 frilled lizards
  4 kobolds
  9 rats
71 creatures vanquished.

Notes
Turn   | Place    | Note
-------+----------+-------------------------------------------
     0 | D:1      | Sobieck the Deep Elf Conjurer began the quest for the Orb.
     0 | D:1      | Reached XP level 1. HP: 10/10 MP: 6/6
    94 | D:1      | Reached skill level 1 in Hexes
   211 | D:1      | Reached XP level 2. HP: 15/15 MP: 5/8
   658 | D:1      | Reached XP level 3. HP: 19/19 MP: 8/10
   855 | D:1      | Learned a level 2 spell: Searing Ray
  1419 | D:2      | Reached XP level 4. HP: 24/24 MP: 1/12
  2109 | D:3      | Found Soycouv's Weapon Boutique.
  2117 | D:3      | Noticed a scorpion
  2132 | D:3      | Killed a scorpion
  2133 | D:3      | Reached skill level 3 in Hexes
  2133 | D:3      | Reached XP level 5. HP: 13/28 MP: 0/14
  2326 | D:3      | Found a glowing silver altar of Zin.
  2874 | D:4      | Found Suomnem's Assorted Antiques.
  3016 | D:4      | Found Ofayqit's Antique Armour Shop.
  3028 | D:4      | Noticed Duvessa
  3028 | D:4      | Noticed Dowan
  3165 | D:3      | Reached XP level 6. HP: 22/29 MP: 13/16
  3195 | D:4      | Slain by Duvessa

Illustrated notes

Levels and vault maps discovered:
D:1:      psy_arrival_fountain, layout_rooms, nicolae_wormholes
D:2:      layout_loops_ring, dk_vineyard_1, minmay_gold_behind_fungi
D:3:      layout_rooms, zin_statuary, serial_shops, shop
D:4:      layout_basic, nicolae_tso_carved_into_rock,
          grunt_temple_overflow_diamond, minmay_temple_entry_waves,
          serial_undead, serial_undead_c, serial_undead_d, serial_undead_d,
          serial_undead_b, serial_shops, nicolae_square_shop,
          nicolae_shop_waterfront, nicolae_shop_dealshenge, shop, uniq_duvessa

Skill      XL: |  1  2  3  4  5 |
---------------+----------------+-----
Hexes          | 1 2 3 4 |  4.2
Spellcasting   | 4 5 |  5.5
Conjurations   | 5 |  5.8
Dodging        | |  2.4
Stealth        | |  2.4

Action                     |  1- 3 |  4- 6 || total
---------------------------+-------+-------++-------
  Melee: Unarmed           |       |     1 ||     1
   Cast: Magic Dart        |    77 |    55 ||   132
         Searing Ray       |     3 |    12 ||    15
    Use: Scroll            |       |     6 ||     6
 Armour: Robe              |     6 |    17 ||    23
  Dodge: Dodged            |     4 |    10 ||    14

Table legend: (Time is in decaauts)
 A = Elapsed time spent in this place.
 B = Non-inter-level travel time spent in this place.
 C = Inter-level travel time spent in this place.
 D = Time resting spent in this place.
 E = Time spent auto-exploring this place.
 F = Levels seen in this place.
 G = Mean time per level.
                   A        B        C        D        E       F      G
               +--------+--------+--------+--------+--------+-----+--------+
         Total |   3200 |   3090 |    110 |    596 |   2069 |   4 |  800.0 |
       Dungeon |   3200 |   3090 |    110 |    596 |   2069 |   4 |  800.0 |
               +--------+--------+--------+--------+--------+-----+--------+

Top non-repeatable levels by time:
     D:2: 1235 daAuts
     D:1: 951 daAuts
     D:3: 927 daAuts
     D:4: 86 daAuts
